 Dungeon Crawl Stone Soup version 0.21-a0-529-g8c7b3f5 (webtiles) character file.

2850 slep the Cleaver (level 9, 0/46 HPs)
             Began as a Vine Stalker Gladiator on Dec 10, 2017.
             Was a Follower of Okawaru.
             Slain by Erica
             ... wielding a +0 scimitar of flaming
              (1 damage)
             ... on level 8 of the Dungeon.
             The game lasted 00:24:35 (5554 turns).

slep the Cleaver (Vine Stalker Gladiator)           Turns: 5554, Time: 00:24:39

Health: 0/46       AC: 14    Str: 19    XL:     9   Next: 74%
Magic:  0/10       EV:  9    Int:  8    God:    Okawaru [*.....]
Gold:   391        SH:  0    Dex: 20    Spells: 8/8 levels left

rFire    . . .     SeeInvis .   J - +1 battleaxe (curse)
rCold    . . .     Gourm    .   (shield currently unavailable)
rNeg     . . .     Faith    .   e - +0 shadow dragon scales
rPois    .         Spirit   +   c - +0 helmet
rElec    .         Reflect  .   (no cloak)
rCorr    .         Harm     .   o - +0 pair of gloves (curse)
MR       +....                  (no boots)
Stlth    +++++.....             (no amulet)
HPRegen  0.55/turn              Q - +3 ring of dexterity
MPRegen  0.12/turn              (no ring)

@: lethally poisoned (0 -> -1), berserk cooldown, slowed, very slow
A: fangs 3, regeneration 1, magic shield, antimagic bite, no potion heal 3, rot
immunity
a: Heroism, Renounce Religion


You were on level 8 of the Dungeon.
You worshipped Okawaru.
Okawaru was aware of your devotion.
You were not hungry.

You visited 2 branches of the dungeon, and saw 9 of its levels.
You also visited: Sewer and Ossuary.

You collected 443 gold pieces.
You spent 52 gold pieces at shops.

Inventory:

Hand Weapons
 a - a +0 war axe
 n - a +2 spear of pain
 t - a cursed -3 blowgun
 A - a +2 flail of holy wrath
 J - a cursed +1 battleaxe (weapon)
Missiles
 d - 3 throwing nets (quivered)
 u - 24 poisoned needles
Armour
 b - a +0 leather armour
 c - a +0 helmet (worn)
 e - +0 shadow dragon scales (worn)
 o - a cursed +0 pair of gloves (worn)
 x - a +0 chain mail of cold resistance
Jewellery
 Q - a +3 ring of dexterity (left hand)
Wands
 C - a wand of polymorph (6)
Scrolls
 h - a scroll of noise {unknown}
 i - 13 scrolls of teleportation {unknown}
 j - 7 scrolls of remove curse {unknown}
 l - 5 scrolls of enchant weapon {unknown}
 p - 4 scrolls of amnesia {unknown}
 w - 2 scrolls of fear {unknown}
 y - 8 scrolls of identify {unknown}
 z - 3 scrolls of blinking {unknown}
 D - 3 scrolls of immolation {unknown}
 G - 3 scrolls of enchant armour {unknown}
 M - 3 scrolls of magic mapping {unknown}
 N - a scroll of fog {unknown}
Potions
 g - 4 potions of degeneration
 m - 2 potions of berserk rage
 q - 4 potions of flight {unknown}
 s - a potion of resistance {unknown}
 v - 4 potions of mutation {unknown}
 B - 3 potions of curing
 E - 4 potions of magic {unknown}
 F - 5 potions of haste {unknown}
 H - 2 potions of agility
 I - 2 potions of lignification {unknown}
 K - 3 potions of heal wounds {unknown}
 L - a potion of brilliance {unknown}
 O - a potion of might {unknown}
Comestibles
 f - 3 bread rations
 k - 4 royal jellies
 r - 3 meat rations


   Skills:
 + Level 4.6 Fighting
 + Level 9.0 Axes
 + Level 0.3(5.5) Maces & Flails
 + Level 1.8 Throwing
 + Level 4.2 Armour
 + Level 3.3 Dodging
 + Level 6.3 Stealth
 + Level 0.5 Unarmed Combat


You had 8 spell levels left.
You didn't know any spells.

Dungeon Overview and Level Annotations

Branches:
Dungeon (8/15)             Temple (1/1) D:6
   Lair: D:8-11

Altars:
Ashenzari
Cheibriados
Elyvilon
Nemelex Xobeh
Okawaru
Ru
Sif Muna
Trog
Wu Jian
Zin

Shops:
D:5 !

Annotations:
D:8 Erica


Innate Abilities, Weirdness & Mutations

You have razor-sharp teeth.
Your natural rate of healing is unusually fast.
When hurt, damage is shared between your health and your magic reserves.
Your bite disrupts and absorbs the magic of your enemies.
Potions cannot restore your health.
You are immune to rotting.


Message History

You feel sick.
You see here a tomahawk.
You barely miss something. You bite something! You drain its magic.
You feel sick. Something hits you.
* * * LOW HITPOINT WARNING * * *
Something burns you.
You slash something! You bite something. You drain its magic.
You feel invigorated.
You feel sick. Something hits you.
* * * LOW HITPOINT WARNING * * *
Something burns you. Something hits you.
* * * LOW HITPOINT WARNING * * *
Something burns you.
* * * LOW HITPOINT WARNING * * *
You hit something. You bite something.
* * * LOW HITPOINT WARNING * * *
You feel sick.
Erica appears from thin air!
Reactivating autopickup.
Erica hits you with a scimitar of flaming.
Erica burns you.
You die...

#... #..# ##+######..
#.......... #.....# #.# #
#.....# #.###. +#.
##g....###.....
###...#####goo...........
....⌠..(@@o{g#######.###.
###...#####.###..........
+#. ###............ #
#.#....#.###.
#............
#.#....[.....
###............
####....###..##### #
#.#..#..# #..#


You could see Erica, an orc warrior, 2 gnolls and 2 orcs.

Vanquished Creatures
  Sigmund (D:2)
  The ghost of slep the Chopper, an amateur VSGl (D:3)
  A black bear (D:8)
  2 sky beasts (D:8)
  2 phantoms (D:5)
  An ogre (D:4)
  A centaur (D:5)
  5 bullfrogs
  A gnoll sergeant (D:8)
  A water moccasin zombie (D:6)
  A wyvern skeleton (D:8)
  3 scorpions
  3 killer bees (D:7)
  3 wights (D:6)
  2 howler monkeys
  3 hounds
  A human zombie (Ossuary)
  An orc priest (D:7)
  An orc wizard (D:8)
  4 iguanas
  Ijyb (D:5)
  5 worker ants
  2 big kobold zombies (Ossuary)
  4 hound zombies
  5 mummies
  2 worker ant zombies
  Robin (D:2)
  2 river rats (Sewer)
  12 adders
  2 shadow imps (D:5)
  5 oozes
  3 adder skeletons
  3 adder zombies (Ossuary)
  A worm (D:6)
  4 dart slugs
  4 leopard geckos
  13 orcs
  8 giant cockroaches
  16 goblins
  11 hobgoblins
  15 jackals
  5 quokkas
  12 ball pythons
  2 bats (D:1)
  5 frilled lizards
  A gnoll zombie (Ossuary)
  2 hobgoblin zombies
  2 jackal skeletons
  8 kobolds
  3 orc zombies
  38 rats
235 creatures vanquished.

Notes
Turn   | Place    | Note
-------+----------+-------------------------------------------
     0 | D:1      | slep the Vine Stalker Gladiator began the quest for the Orb.
     0 | D:1      | Reached XP level 1. HP: 11/11 MP: 2/2
    50 | D:1      | Reached XP level 2. HP: 14/15 MP: 3/3
    67 | D:1      | Reached skill level 3 in Axes
   254 | D:1      | Reached XP level 3. HP: 17/18 MP: 4/4
   630 | D:2      | Reached skill level 1 in Stealth
   682 | D:2      | Noticed Sigmund
   740 | D:2      | Gained mutation: Your natural rate of healing is unusually fast. [Vine Stalker growth]
   740 | D:2      | Reached XP level 4. HP: 18/23 MP: 5/5
   813 | D:2      | Noticed Robin
   848 | D:2      | Killed Sigmund
   848 | D:2      | Reached skill level 4 in Axes
   848 | D:2      | Reached skill level 1 in Armour
   848 | D:2      | Reached XP level 5. HP: 18/27 MP: 6/6
   850 | D:2      | Reached XP level 6. HP: 23/32 MP: 7/7
   874 | D:2      | Killed Robin
  1823 | D:3      | Noticed slep's ghost (amateur VSGl)
  1828 | D:3      | Killed slep's ghost
  1828 | D:3      | Reached skill level 5 in Axes
  1920 | D:3      | Found a faded altar of an unknown god.
  2144 | D:3      | Reached XP level 7. HP: 35/35 MP: 8/8
  3113 | D:5      | Entered Level 5 of the Dungeon
  3139 | D:5      | Found Quoz's Distillery.
  3155 | D:5      | Bought a potion of degeneration for 13 gold pieces
  3155 | D:5      | Bought a potion of curing for 39 gold pieces
  3175 | D:5      | Noticed Ijyb
  3196 | D:5      | Killed Ijyb
  3201 | D:5      | Reached skill level 6 in Axes
  3201 | D:5      | Gained mutation: You have razor-sharp teeth. [Vine Stalker growth]
  3201 | D:5      | Reached XP level 8. HP: 33/40 MP: 7/9
  3324 | D:5      | Found a sand-covered staircase.
  3404 | Ossuary  | Entered an ossuary
  3704 | D:5      | Reached skill level 7 in Axes
  3704 | D:5      | Reached skill level 5 in Stealth
  4208 | D:6      | Found a staircase to the Ecumenical Temple.
  4224 | Temple   | Entered the Ecumenical Temple
  4232 | Temple   | Became a worshipper of Warmaster Okawaru
  4512 | D:6      | Reached XP level 9. HP: 45/45 MP: 8/10
  4573 | D:6      | Found a glowing drain.
  4580 | Sewer    | Entered a sewer
  5157 | D:7      | Reached * piety under Okawaru
  5157 | D:7      | Reached skill level 8 in Axes
  5536 | D:8      | Noticed Erica
  5550 | D:8      | Reached skill level 9 in Axes
  5553 | D:8      | HP: 2/46 [something (1)]
  5554 | D:8      | Slain by Erica

Vault maps used:
D:1:      dpeg_arrival_court
D:2:      uniq_robin, uniq_sigmund
D:3:      first_bread, chequers_ecumenical_altar_lobes
D:4:      hangedman_abyss_or_decor_stabs
D:5:      serial_shops, nicolae_shop_waterfront, nicolae_ossuary_entry_giza,
          minmay_item_behind_shaft, uniq_ijyb
D:6:      minmay_temple_entry_large_hall, lightli_sewer_entry_pipes,
          hangedman_decor_push, hangedman_decor_clover_reticule
D:8:      grunt_temple_overflow_cloverleaf, lair_entry_dummy, uniq_erica
Temple:   eino_narrow_crystal_temple
Sewer:    sewer_minmay_w
Ossuary:  ossuary_minmay_tomb_2a

Skill      XL: |  1  2  3  4  5  6  7  8  9 |
---------------+----------------------------+-----
Axes           | 3 4 5 6 7 9 |  9.0
Stealth        | 1 2 3 4 5 6 |  6.3
Fighting       | 2 3 4 |  4.6
Armour         | 1 2 3 4 |  4.2
Dodging        | 3 |  3.3
Maces & Flails | |  0.3
Throwing       | |  1.8
Unarmed Combat | |  0.5

Action                   |  1- 3 |  4- 6 |  7- 9 || total
-------------------------+-------+-------+-------++-------
Melee: War axe           |    61 |   107 |   234 ||   402
       Bite              |    16 |    30 |   133 ||   179
       Unarmed           |       |       |    16 ||    16
       Flail             |       |       |    10 ||    10
       Battleaxe         |       |       |   145 ||   145
  Use: Potion            |       |       |     1 ||     1
 Stab: Sleeping          |     5 |     9 |    21 ||    35
  Eat: Chunk             |       |     4 |    12 ||    16
Armor: Leather armour    |     2 |       |       ||     2
       Shadow dragon sca |    44 |    59 |   303 ||   406
       Skin              |       |       |     1 ||     1
Dodge: Dodged            |    32 |    43 |   244 ||   319

Table legend:
 A = Spawn XP
 B = Non-spawn XP
 C = Spawn XP percentage of total XP
 D = Spawn monster count
 E = Non-spawn monster count
 F = Spawn count percentage of total count
 G = Total turns spent on level
                    A         B        C        D         E        F      G
               +---------+---------+-------+---------+---------+-------+---------
         Total |       0 |    4072 |   0.0 |       0 |     235 |   0.0 |  5554
               +---------+---------+-------+---------+---------+-------+---------
           D:1 |       0 |      43 |   0.0 |       0 |      22 |   0.0 |   623
           D:2 |       0 |     326 |   0.0 |       0 |      38 |   0.0 |   765
           D:3 |       0 |     250 |   0.0 |       0 |      15 |   0.0 |   883
           D:4 |       0 |     433 |   0.0 |       0 |      23 |   0.0 |   842
           D:5 |       0 |     499 |   0.0 |       0 |      16 |   0.0 |   702
           D:6 |       0 |     664 |   0.0 |       0 |      25 |   0.0 |   580
           D:7 |       0 |     398 |   0.0 |       0 |      14 |   0.0 |   550
           D:8 |       0 |     891 |   0.0 |       0 |      18 |   0.0 |   117
         Sewer |       0 |     339 |   0.0 |       0 |      48 |   0.0 |   260
       Ossuary |       0 |     229 |   0.0 |       0 |      16 |   0.0 |   215
               +---------+---------+-------+---------+---------+-------+---------
